 Dungeon Crawl Stone Soup version 0.16.1-12-gf5c4a84 (webtiles) character file.

879 Inchmeat the Conjurer (level 8, -2/41 HPs)
             Began as a Gargoyle Fire Elementalist on Apr 8, 2015.
             Slain by a worker ant (4 damage)
             ... on level 5 of the Dungeon.
             The game lasted 00:20:56 (4400 turns).

Inchmeat the Conjurer (Gargoyle Fire Elementalist)  Turns: 4400, Time: 00:20:57

Health: -2/41      AC:  8    Str: 12    XL:     8   Next: 5%
Magic:  17/22      EV: 12    Int: 18    God:
Gold:   252        SH:  0    Dex: 16    Spells: 3 memorised, 3 levels left

rFire  . . .     SeeInvis .     g - +4 dagger
rCold  . . .     Clarity  .     a - +0 robe
rNeg   + . .     SustAb   .     (no shield)
rPois  ∞         Gourm    +     (no helmet)
rElec  +         Spirit   .     t - +0 cloak
rCorr  .         Warding  .     (no gloves)
rMut   .         Stasis   .     (no boots)
MR     .....                    w - amulet of the gourmand
Stlth  ++........               h - +6 ring of dexterity
                                f - ring of magical power

@: very slightly contaminated, hasted, very quick, not resistant to hostile
enchantments, unstealthy
A: negative energy resistance 1, electricity resistance, unbreathing,
petrification resistance, rot immunity, AC +5
a: no special abilities


You were on level 5 of the Dungeon.
You were not hungry.

You visited 1 branch of the dungeon, and saw 6 of its levels.

You collected 252 gold pieces.

Inventory:

Hand weapons
 g - a +4 dagger (weapon)
Armour
 a - a +0 robe (worn)
 t - a +0 cloak (worn)
Jewellery
 f - a ring of magical power (left hand)
 h - a +6 ring of dexterity (right hand)
 r - an uncursed ring of ice
 s - an uncursed amulet of warding
 w - an amulet of the gourmand (around neck)
Scrolls
 d - 2 scrolls of identify {unknown}
 e - 3 scrolls of teleportation {unknown}
 i - 3 scrolls of remove curse {unknown}
 m - a scroll of enchant weapon {unknown}
 v - a scroll of random uselessness {unknown}
Potions
 j - a potion of brilliance {unknown}
 l - 2 potions of curing {unknown}
 o - a potion of lignification {unknown}
 p - a potion of haste
 q - a potion of mutation {unknown}
 u - 2 potions of poison {unknown}
Books
 b - a book of Flames

   Spells                             Type                      Level
   a - Flame Tongue                   Conjuration/Fire             1
   b - Throw Flame                    Conjuration/Fire             2
   c - Conjure Flame                  Conjuration/Fire             3
   d - Inner Flame                    Hexes/Fire                   3
   e - Sticky Flame                   Conjuration/Fire             4
   f - Fireball                       Conjuration/Fire             5
Comestibles
 c - 3 bread rations
 k - a beef jerky
 n - 2 meat rations


   Skills:
 - Level 0.1 Short Blades
 - Level 1.5 Dodging
 - Level 2.1 Stealth
 - Level 2.0 Spellcasting
 * Level 7.3 Conjurations
 + Level 6.4 Fire Magic


You had 3 spell levels left.
You knew the following spells:

 Your Spells              Type           Power        Failure   Level  Hunger
a - Flame Tongue          Conj/Fire      ####.        1%          1    #......
b - Sticky Flame          Conj/Fire      ####....     14%         4    #####..
c - Conjure Flame         Conj/Fire      ####....     3%          3    ###....


Dungeon Overview and Level Annotations

Branches:
Dungeon (6/15)
 Temple: D:4-7

Altars:
Dithmenos
Gozag
Makhleb
Nemelex Xobeh
Qazlal
Ru
Yredelemnul
Jiyva

Annotations:
D:5 theJOKER's ghost, average MiBe


Innate Abilities, Weirdness & Mutations

You are resistant to torment.
You are immune to poison.
Your stone body is very resilient (AC +5).
You resist negative energy.
You are resistant to electric shocks.
You can survive without breathing.
You are immune to petrification.
You are immune to rotting.


Message History

There is an open door here.
The orc moves out of view.
Found a scroll labeled SUSULO DUIQOKY.
The worker ant bites you.
* * * LOW HITPOINT WARNING * * *
Drink which item? (? for menu, Esc to quit)
It was a potion of haste.
You feel yourself speed up.
You hear an explosion!
The orc appears confused.
The explosion of spores engulfs the orc.
The orc dies!
You hear an explosion!
The orc appears confused.
The explosion of spores engulfs the orc.
The orc dies!
A fungus suddenly grows.
The worker ant bites you.
* * * LOW HITPOINT WARNING * * *
You are very lightly contaminated with residual magic.
You open the door. The worker ant bites you.
You die...

#.....##...###P.###..
#...........#........
##....##....#........
#..>..##....'o........
#.....##...##.o.......
##....##...##o..##....
#.....#....##...##
#.(...#.....#a...#
#.....#.....#@...+
#.....+[....'....#
##################


You could see a worker ant and 3 orcs.

Vanquished Creatures
  2 phantoms (D:4)
  A black bear (D:5)
  An ogre (D:4)
  A scorpion (D:4)
  A crimson imp (D:4)
  An orc priest (D:3)
  2 hounds (D:4)
  A jelly (D:4)
  2 giant frog skeletons
  An orc wizard (D:3)
  Ijyb (D:2)
  A hound zombie (D:6)
  Terence (D:4)
  11 adders
  2 giant mites (D:5)
  2 worms (D:4)
  4 giant geckos
  4 oozes (D:4)
  13 orcs
  14 bats
  A bat skeleton (D:5)
  3 giant cockroaches
  7 hobgoblins
  7 jackals
  2 quokkas
  2 ball pythons
  7 giant newts
  2 gnoll zombies (D:3)
  16 goblins
  6 kobolds
  11 rats
130 creatures vanquished.

Vanquished Creatures (others)
  3 orcs
  A giant spore (D:5)
4 creatures vanquished.

Grand Total: 134 creatures vanquished

Notes
Turn   | Place    | Note
--------------------------------------------------------------
     0 | D:1      | Inchmeat, the Gargoyle Fire Elementalist, began the quest for the Orb.
     0 | D:1      | Reached XP level 1. HP: 10/10 MP: 3/3
   339 | D:1      | Reached XP level 2. HP: 15/15 MP: 4/4
   819 | D:2      | Noticed Terence
   844 | D:3      | Reached XP level 3. HP: 11/19 MP: 6/6
   899 | D:3      | Noticed Ijyb
   931 | D:2      | Killed Ijyb
   931 | D:2      | Reached skill level 4 in Fire Magic
  1116 | D:2      | Reached XP level 4. HP: 24/24 MP: 7/7
  1296 | D:2      | Learned a level 4 spell: Sticky Flame
  1573 | D:3      | Reached XP level 5. HP: 23/28 MP: 9/9
  1834 | D:3      | Learned a level 3 spell: Conjure Flame
  1880 | D:3      | Found an opulent altar of Gozag.
  1891 | D:3      | Reached skill level 5 in Fire Magic
  2001 | D:3      | Found a sacrificial altar of Ru.
  2179 | D:3      | Found a sparkling altar of Nemelex Xobeh.
  2332 | D:3      | Reached XP level 6. HP: 32/32 MP: 10/10
  2366 | D:3      | Found a basalt altar of Yredelemnul.
  2427 | D:4      | Found a shadowy altar of Dithmenos.
  2843 | D:4      | Reached skill level 5 in Conjurations
  3051 | D:4      | Found a burning altar of Makhleb.
  3116 | D:4      | Reached XP level 7. HP: 19/36 MP: 12/12
  3287 | D:4      | Found a viscous altar of Jiyva.
  3393 | D:4      | Reached skill level 6 in Conjurations
  3551 | D:4      | Killed Terence
  4144 | D:5      | Entered Level 5 of the Dungeon
  4159 | D:5      | Found a stormy altar of Qazlal.
  4231 | D:5      | Noticed theJOKER's ghost (average MiBe)
  4284 | D:6      | Reached skill level 7 in Conjurations
  4388 | D:5      | Reached XP level 8. HP: 5/41 MP: 13/13
  4398 | D:5      | HP: 2/41 [worker ant (3)]
  4400 | D:5      | Slain by a worker ant

Action                   |  1- 3 |  4- 6 |  7- 9 || total
-------------------------+-------+-------+-------++-------
Melee: Unarmed           |    15 |       |       ||    15
       Dagger            |    20 |    74 |    25 ||   119
 Cast: Flame Tongue      |    35 |   125 |    93 ||   253
       Sticky Flame      |       |     4 |       ||     4
       Conjure Flame     |       |     1 |     2 ||     3
  Use: Potion            |       |       |     1 ||     1
 Stab: Sleeping          |     1 |       |       ||     1
  Eat: Chunk             |     1 |     9 |     4 ||    14
       Pizza             |       |       |     1 ||     1
